 Dungeon Crawl Stone Soup version 0.24-a0-446-g87df7205b4 (webtiles) character file.

Game seed: 2635956432743729222

165 Krouwed the Sneak (level 5, -2/39 HPs)
             Began as a Vampire Assassin on June 24, 2019.
             Killed from afar by an orc wizard (8 damage)
             ... with a magic dart
             ... on level 3 of the Dungeon.
             The game lasted 00:07:43 (2027 turns).

Krouwed the Sneak (Vampire Assassin)                Turns: 2027, Time: 00:07:44

Health: -2/39      AC:  4    Str: 11    XL:     5   Next: 22%
Magic:  5/5        EV: 12    Int: 17    God:
Gold:   72         SH:  0    Dex: 15    Spells: 4/4 levels left

rFire    . . .     SeeInvis +   b - +0 dagger (vamp)
rCold    . . .     Gourm    .   (no shield)
rNeg     . . .     Faith    .   g - +0 leather armour
rPois    .         Spirit   .   (no helmet)
rElec    .         Reflect  .   c - +0 cloak
rCorr    .         Harm     .   (no gloves)
MR       .....                  (no boots)
Stlth    +++.......             (no amulet)
HPRegen  0.33/turn              o - +3 ring of intelligence
MPRegen  0.09/turn              (no ring)

@: very slightly contaminated, regenerating quickly, invisible
A: no food, fangs 3, see invisible, unbreathing
a: Exsanguinate


You were on level 3 of the Dungeon.
You were alive.

You visited 1 branch of the dungeon, and saw 3 of its levels.

You collected 72 gold pieces.

Inventory:

Hand Weapons
 a - a +2 dagger
 b - a +0 vampiric dagger (weapon)
Missiles
 d - 3 poisoned darts (quivered)
 e - 2 curare-tipped darts
Armour
 c - a +0 cloak (worn)
 g - a +0 leather armour (worn)
Jewellery
 o - a +3 ring of intelligence (left hand)
Scrolls
 f - a scroll of random uselessness {unknown}
 h - a scroll of enchant armour {unknown}
 l - 2 scrolls of remove curse {unknown}
 m - a scroll of teleportation {unknown}
 r - a scroll of amnesia {unknown}
Potions
 j - a potion of degeneration
 k - a potion of berserk rage
 n - a potion of haste {unknown}
 p - a potion of ambrosia {unknown}
 q - a potion of curing {unknown}


   Skills:
 + Level 2.7 Fighting
 + Level 3.2 Short Blades
 + Level 2.3 Throwing
 + Level 2.6 Dodging
 + Level 6.8 Stealth


You had 4 spell levels left.
You didn't know any spells.
Your spell library was empty.

Dungeon Overview and Level Annotations

Branches:
Dungeon (3/15)

Altars:


Innate Abilities, Weirdness & Mutations

You do not eat.
Your natural rate of healing is unusually fast.
You have razor-sharp teeth.
You have supernaturally acute eyesight. (SInv)
You can survive without breathing.


Message History

The orc wizard casts a spell.
The orc wizard seems to speed up.
You hit the orc wizard.
The orc wizard is severely wounded.
The orc wizard barely misses you. The worm barely misses you.
Your leather armour prevents you from hitting the orc wizard.
The orc wizard is severely wounded.
The bat misses you.
The orc wizard begins to cast a cantrip, but forgets the words!
The orc wizard hits you but does no damage.
The bat hits you but does no damage.
The orc wizard hits you with a +0 dagger.
* * * LOW HITPOINT WARNING * * *
The worm bites you but does no damage.
You see here a poisoned dart.
The bat hits you but does no damage. The bat closely misses you.
The orc wizard closely misses you.
The orc wizard gestures at the bat while chanting.
The magic dart hits you!
You die...

... ... ... #####
#.# #######....
#.# #......)###
#.# #.#######
#.######.#
#@().....# #
##..####### #
##bo(# # #((w## #
#.###.#.##
#........##
###.......#######
#....>....(.....
#.######....####


You could see a worm, an orc wizard and a bat.

Vanquished Creatures
  An orc wizard (D:3)
  Terence (D:2)
  4 adders
  5 dart slugs
  3 leopard geckos
  2 orcs (D:3)
  11 bats
  3 giant cockroaches
  8 goblins
  6 hobgoblins
  7 frilled lizards
  8 kobolds
  7 rats
66 creatures vanquished.

Notes
Turn   | Place    | Note
-------+----------+-------------------------------------------
     0 | D:1      | Krouwed the Vampire Assassin began the quest for the Orb.
     0 | D:1      | Reached XP level 1. HP: 16/16 MP: 1/1
   107 | D:1      | Reached skill level 6 in Stealth
   107 | D:1      | Reached XP level 2. HP: 22/22 MP: 2/2
   515 | D:1      | Reached XP level 3. HP: 26/27 MP: 3/3
   761 | D:2      | Found a faded altar of an unknown god.
   857 | D:2      | Noticed Terence
   898 | D:2      | Killed Terence
   898 | D:2      | Reached XP level 4. HP: 29/34 MP: 4/4
  2009 | D:3      | Reached XP level 5. HP: 19/39 MP: 5/5
  2027 | D:3      | Killed from afar by an orc wizard

Levels and vault maps discovered:
D:1:      scummos_arrival_forest, layout_loops_ring
D:2:      layout_basic, chequers_ecumenical_altar_twisty, supply_closet_lemuel,
          uniq_terence
D:3:      layout_rooms, gammafunk_temple_overflow_statue, first_ration

Skill      XL: |  1  2  3  4 |
---------------+-------------+-----
Stealth        | 6 |  6.8
Fighting       | 2 |  2.7
Throwing       | 2 |  2.3
Dodging        | 2 |  2.6
Short Blades   | 3 |  3.2

Action                   |  1- 3 |  4- 6 || total
-------------------------+-------+-------++-------
Melee: Dagger            |    97 |   129 ||   226
       Bite              |     5 |     7 ||    12
Throw: Dart              |    25 |    29 ||    54
  Use: Scroll            |       |     4 ||     4
       Potion            |       |     1 ||     1
 Stab: Sleeping          |     8 |     8 ||    16
       Invisible         |       |     1 ||     1
Armor: Robe              |    11 |       ||    11
       Leather armour    |    11 |    40 ||    51
Dodge: Dodged            |    47 |    75 ||   122

Table legend:
 A = Non-vault XP
 B = Vault XP
 C = Vault XP percentage of total XP
 D = Non-vault monster count
 E = Vault monster count
 F = Vault count percentage of total count
                 A         B        C        D         E       F
            +---------+---------+-------+---------+---------+-------
      Total |     205 |      32 |  13.5 |      65 |       1 |   1.5
            +---------+---------+-------+---------+---------+-------
        D:1 |      50 |       0 |   0.0 |      31 |       0 |   0.0
        D:2 |      77 |      32 |  29.4 |      23 |       1 |   4.2
        D:3 |      78 |       0 |   0.0 |      11 |       0 |   0.0
            +---------+---------+-------+---------+---------+-------
